 Dungeon Crawl Stone Soup version 0.29.1-14-g9c671dbff4 (webtiles) character file.

Game seed: 3199798847931850240

89 Sanktem7 the Trooper (level 4, -2/41 HPs)
             Began as a Minotaur Fighter on Feb 18, 2023.
             Slain by an orc wizard
             ... wielding a +0 dagger of speed
              (3 damage)
             ... on level 3 of the Dungeon.
             The game lasted 00:02:38 (2728 turns).

Sanktem7 the Trooper (Minotaur Fighter)             Turns: 2728, Time: 00:02:39

Health: -2/41      AC:  9    Str: 22    XL:     4   Next: 31%
Magic:  3/3        EV:  7    Int:  5    God:
Gold:   218        SH:  4    Dex: 10    Spells: 3/3 levels left

rFire   . . .      SeeInvis .   a - +0 war axe {axe}
rCold   . . .      Faith    .   c - +0 buckler
rNeg    . . .      Spirit   .   t - +0 chain mail
rPois   .          Reflect  .   (helmet restricted)
rElec   .          Harm     .   (no cloak)
rCorr   .          Rampage  .   (no gloves)
Will    .....                   (no boots)
Stlth   ..........              (no amulet)
HPRegen 0.13/turn               (no ring)
MPRegen 0.08/turn               (no ring)

@: no status effects
A: horns 2, retaliatory headbutt
a: no special abilities


You were on level 3 of the Dungeon.
You visited 1 branch of the dungeon, and saw 3 of its levels.

You collected 218 gold pieces.


Innate Abilities, Weirdness & Mutations

You have a pair of horns on your head.
You reflexively headbutt those who attack you in melee.


   Skills:
 * Level 4.8 Fighting
 * Level 4.0 Axes
 + Level 4.2 Armour
 - Level 3.6 Shields


You had 3 spell levels left.
You didn't know any spells.
Your spell library contained the following spells:

 Spells                   Type           Power      Damage    Failure   Level
 Sublimation of Blood     Necr           0%         N/A       100%        2
 Petrify                  Tmut/Erth      0%         N/A       100%        4
 Irradiate                Conj/Tmut      0%         3d11      100%        5

Inventory:

Hand Weapons
 a - a +0 war axe (weapon) {axe}
Missiles
 l - 30 stones (quivered) {throwing}
 o - 5 poisoned darts {throwing}
 u - 3 boomerangs {throwing}
Armour
 b - a +0 scale mail
 c - a +0 buckler (worn)
 t - a +0 chain mail (worn)
   (You found it on level 3 of the Dungeon)
Wands
 s - a wand of paralysis (20)
   (You found it on level 2 of the Dungeon)
 w - a wand of roots (2)
   (You found it on level 3 of the Dungeon)
Scrolls
 e - 2 scrolls of poison {unknown}
 f - 7 scrolls of identify {unknown}
 g - a scroll of fog {unknown}
 k - 2 scrolls of teleportation {unknown}
 n - a scroll of immolation {unknown}
 p - 3 scrolls of enchant weapon {unknown}
 q - a scroll of enchant armour {unknown}
 r - 2 scrolls of amnesia {unknown}
 v - a scroll of blinking {unknown}
Potions
 d - 2 potions of might
 h - a potion of cancellation {unknown}
 i - a potion of brilliance {unknown}
 j - 4 potions of mutation {unknown}
 m - a potion of heal wounds {unknown}
 x - a potion of resistance {unknown}

Dungeon Overview and Level Annotations

Branches:
Dungeon (3/15) Zot: 15233

Altars:
Kikubaaqudgha
Wu Jian
Yredelemnul

Shops:
D:2

(
########.......#.##.........
####
#.....##.#####.#.##.#.....##
...# #.....##.#
#.#............ ##.#
#........# #.####.##.##.##
##.###.....##.# #.#
#.##รท##.#
....##.....##o#####.#
#.......#
##...)...####.......#
###...### ...#######
##..).[.# #<..# #### #.#@##.#
#...#### ..# #######
##.#{##.# #....... #.#
#.....###...o##.######...####
#.#
#..#..##[..####.#............
#.#
#.###......o.....<...........
..#
#..#.###....#####............
..# #...## ##.#.#
######...#### .## ##### #...#
#....... .# #.#.# ###.#.####


You could see 2 orc wizards.


Message History

Your Axes skill increases to level 4!
An endoplasm is nearby! ๐Ÿ˜จ HP[+2]
You regained 2 hp, and now have 15/41 hp.
An endoplasm is nearby!
An endoplasm is nearby!
You are too injured to fight recklessly!
You are too injured to fight recklessly!
You are too injured to fight recklessly!
You are too injured to fight recklessly!
You are too injured to fight recklessly!
You are too injured to fight recklessly!
You see here a wand of roots (2).
You slash the endoplasm!
You kill the endoplasm!
Key pressed, stopping explore.
Key pressed, stopping explore.
w - a wand of roots (2) ๐Ÿ˜Ž HP[+26]
Your hp is fully restored (41).
l - 25 stones {throwing} (gained 4)
Things that are here:
a +0 club {mace}; a kobold skeleton
l - 30 stones {throwing} (gained 5)
x - a viscous dark potion
k - 2 scrolls labelled JYMUNOY OTAM (gained 1)
You now have 218 gold pieces (gained 4).
Things that are here:
a +0 whip {mace}; a kobold skeleton
There is an open door here.
Things that are here:
a bat skeleton; a quokka skeleton
There is an open door, spattered with blood here.
There is an open door here.
Key pressed, stopping explore.
There is a stone staircase leading down here.
An orc wizard comes into view. It is wielding a +0 dagger of speed.
The orc wizard shouts!
The orc wizard moves out of view.
An orc comes into view. It is wielding a +0 flail.
The orc shouts!
The orc moves out of view.
An orc wizard comes into view. It is wielding a +0 dagger.
There are monsters nearby!
The orc wizard shouts!
The orc wizard points at you and mumbles some strange words.
The magic dart hits you but does no damage.
The orc wizard mumbles some strange words.
The orc wizard flickers and vanishes!
Deactivating autopickup; reactivate with Ctrl-A.
You closely miss something. Your headbutt misses something.
You hear some strange, mumbled words.
You are confused.
You bump into the rock wall.
Something hits you. x2 ๐Ÿ˜• HP[-3]
You take 3 damage, and now have 38/41 hp.
You bump into the rock wall.
Something hits you but does no damage.
Unknown command.
You closely miss something. Something hits you. x2 ๐Ÿ˜• HP[-6]
You take 6 damage, and now have 32/41 hp.
You bump into the rock wall.
Something hits you.
The orc wizard gestures at you while chanting.
The orc closely misses you. Something hits you. ๐Ÿ˜ฎ HP[-3]
You take 3 damage, and now have 29/41 hp.
You closely miss something. You closely miss the orc.
You feel less confused. Something hits you but does no damage.
Something hits you. ๐Ÿ˜ฎ HP[-1]
You take 1 damage, and now have 28/41 hp.
You barely miss something. You barely miss the orc.
Something hits you but does no damage. The orc hits you but does no damage.
An orc wizard comes into view. It is wielding a +0 dagger.
You hear some strange, mumbled words.
A puff of flame appears from out of thin air!
The puff of flame hits you! ๐Ÿ˜ฎ HP[-7]
You take 7 damage, and now have 21/41 hp.
You closely miss something. You closely miss the orc.
The orc wizard shouts!
You block the orc's attack. Something hits you but does no damage.
The orc wizard casts a spell at you. The puff of flame hits you!
* * * LOW HITPOINT WARNING * * *
The orc wizard points at you and mumbles some strange words.
The magic dart hits something!
The orc hits you with a +0 flail!
* * * LOW HITPOINT WARNING * * *
๐Ÿ˜ฑ HP[-16]
You take 16 damage, and now have 5/41 hp.
MASSIVE DAMAGE!! (PAUSE)
You miss something. You slash the orc!
You kill the orc!
Something hits you.
* * * LOW HITPOINT WARNING * * *
Something hits you but does no damage. ๐Ÿ˜ฑ HP[-4]
You take 4 damage, and now have 1/41 hp.
You hit something but do no damage. Something hits you.
You die...

Skill      XL: |  1  2  3  4 |
---------------+-------------+-----
Fighting       | 4 |  4.8
Axes           | 3 4 |  4.0
Armour         | 4 |  4.2
Shields        | |  3.6

Action                   |  1- 3 |  4- 6 || total
-------------------------+-------+-------++-------
Melee: War axe           |    73 |    29 ||   102
       Headbutt          |    10 |     3 ||    13
Armor: Scale mail        |    21 |       ||    21
       Chain mail        |     7 |    23 ||    30
Dodge: Dodged            |    27 |    16 ||    43
Block: Buckler           |    18 |     7 ||    25

Levels and vault maps discovered:
D:1:      wander_arrival_lonely_grave, layout_loops_ring, minmay_pentomino_s4
D:2:      layout_basic, chequers_ecumenical_altar_twisty, serial_shops,
          shop_coins, basic_altar
D:3:      minmay_chambers_of_threes, layout_loops_cross,
          nicolae_wu_jian_immortal_techniques, lemuel_crystal_altar,
          nicolae_kikubaaqudgha_miasma_corner

Notes
Turn   | Place    | Note
-------+----------+-------------------------------------------
     0 | D:1      | Sanktem7 the Minotaur Fighter began the quest for the Orb.
     0 | D:1      | Reached XP level 1. HP: 19/19 MP: 0/0
     0 | D:1      | magus.rc [v1.9.6]
   113 | D:1      | Reached XP level 2. HP: 27/27 MP: 1/1
   143 | D:1      | Reached skill level 4 in Fighting
   174 | D:1      | Reached skill level 3 in Axes
   263 | D:1      | You fall into a shaft and drop 1 floor!
   341 | D:2      | Found Fufao's Antique Weapon Shoppe.
   401 | D:2      | Found a faded altar of an unknown god.
   496 | D:2      | Found an ornate altar of the Wu Jian Council.
  1247 | D:1      | Reached XP level 3. HP: 33/33 MP: 2/2
  1325 | D:1      | Reached skill level 4 in Armour
  1933 | D:3      | You pick up a book of Alchemy and begin reading...
  1933 | D:3      | You add the spells Sublimation of Blood, Petrify and
                  | Irradiate to your library.
  1997 | D:3      | Found a basalt altar of Yredelemnul.
  2020 | D:3      | Found an ancient bone altar of Kikubaaqudgha.
  2349 | D:3      | Reached XP level 4. HP: 41/41 MP: 3/3
  2409 | D:3      | Reached skill level 4 in Axes
  2726 | D:3      | HP: 5/41 [orc/+0 flail (8)]
  2727 | D:3      | HP: 1/41 [something (4)]
  2728 | D:3      | Slain by an orc wizard

Vanquished Creatures
  A gnoll (D:3)
  An adder (D:3)
  A worm (D:3)
  3 dart slugs
  5 orcs (D:3)
  4 bats
  9 endoplasms
  3 giant cockroaches
  3 goblins
  3 hobgoblins
  3 quokkas
  7 ball pythons
  2 frilled lizards
  3 kobolds
  7 rats
55 creatures vanquished.

Table legend:
 A = Non-vault XP
 B = Vault XP
 C = Vault XP percentage of total XP
 D = Non-vault monster count
 E = Vault monster count
 F = Vault count percentage of total count
                 A         B        C        D         E       F
            +---------+---------+-------+---------+---------+-------
      Total |      90 |      38 |  29.7 |      41 |      14 |  25.5
            +---------+---------+-------+---------+---------+-------
        D:1 |      30 |       3 |   9.1 |      17 |       2 |  10.5
        D:2 |      13 |       0 |   0.0 |       7 |       0 |   0.0
        D:3 |      47 |      35 |  42.7 |      17 |      12 |  41.4
            +---------+---------+-------+---------+---------+-------

Illustrated notes

Table legend:
 A = Kills in this place as a percentage of kills in entire the game.
 B = Kills by you in this place as a percentage of kills by you in the entire game.
 C = Kills by friends in this place as a percentage of kills by friends in the entire game.
 D = Other kills in this place as a percentage of other kills in the entire game.
 E = Experience gained in this place as a percentage of experience gained in the entire game.
 F = Experience gained in this place divided by the number of levels of this place that you have seen.
                   A       B       C       D       E      F
               +-------+-------+-------+-------+-------+----------------------
         Total | 100.0 | 100.0 |   N/A |   N/A | 100.0 |  42.7
       Dungeon | 100.0 | 100.0 |   N/A |   N/A | 100.0 |  42.7
               +-------+-------+-------+-------+-------+----------------------

Table legend: (Time is in decaauts)
 A = Elapsed time spent in this place.
 B = Non-inter-level travel time spent in this place.
 C = Inter-level travel time spent in this place.
 D = Time resting spent in this place.
 E = Time spent auto-exploring this place.
 F = Levels seen in this place.
 G = Mean time per level.
                   A        B        C        D        E       F      G
               +--------+--------+--------+--------+--------+-----+--------+
         Total |   2765 |   2642 |    123 |      0 |   2334 |   3 |  921.7 |
       Dungeon |   2765 |   2642 |    123 |      0 |   2334 |   3 |  921.7 |
               +--------+--------+--------+--------+--------+-----+--------+

Top non-repeatable levels by time:
     D:3: 1088 daAuts
     D:2: 891 daAuts
     D:1: 786 daAuts
